 Dungeon Crawl Stone Soup version 0.23.2-33-g5129a83184 (webtiles) character file.

Game seed: 10429929797749695569

1047 fornasd the Grappler (level 8, -10/74 HPs)
             Began as a Troll Monk on Aug 9, 2019.
             Was a Priest of Makhleb.
             Mangled by an orc warrior
             ... wielding a +0 falchion
              (11 damage)
             ... on level 4 of the Dungeon.
             The game lasted 00:17:12 (3374 turns).

fornasd the Grappler (Troll Monk)                   Turns: 3374, Time: 00:17:13

Health: -10/74     AC:  6    Str: 22    XL:     8   Next: 5%
Magic:  8/8        EV: 11    Int:  6    God:    Makhleb [***...]
Gold:   93         SH:  0    Dex: 12    Spells: 7/7 levels left

rFire    . . .     SeeInvis .     - Unarmed
rCold    . . .     Gourm    +   (no shield)
rNeg     . . .     Faith    +   a - +0 robe
rPois    .         Spirit   .   (helmet restricted)
rElec    .         Reflect  .   (no cloak)
rCorr    .         Harm     .   (gloves unavailable)
MR       .....                  (boots unavailable)
Stlth    ++........             c - amulet of faith
HPRegen  0.62/turn              (no ring)
MPRegen  0.11/turn              (no ring)

@: no status effects
A: large, unfitting armour, claws 3, fast metabolism 3, gourmand, regeneration
1, shaggy fur 1, tough skin 3
a: Minor Destruction, Lesser Servant of Makhleb, Renounce Religion


You were on level 4 of the Dungeon.
You worshipped Makhleb.
Makhleb was most pleased with you.
You were full.

You visited 1 branch of the dungeon, and saw 5 of its levels.

You collected 229 gold pieces.
You spent 136 gold pieces at shops.

Inventory:

Armour
 a - a +0 robe (worn)
 p - the +0 robe "Cis Roir" {rCorr Str-5 Dex+4}
   (You bought it in a shop on level 4 of the Dungeon)

   It affects your strength (-5).
   It affects your dexterity (+4).
   It provides partial protection from all sources of acid and corrosion.
Jewellery
 c - an amulet of faith (around neck)
Scrolls
 g - a scroll of enchant armour {unknown}
 h - a scroll of enchant weapon {unknown}
 i - 5 scrolls of identify
 j - a scroll of magic mapping {unknown}
 o - a scroll of fog {unknown}
Potions
 d - a potion of haste {unknown}
 e - a potion of magic {unknown}
 f - a potion of might {unknown}
 k - a potion of curing {unknown}
 l - a potion of flight {unknown}
 m - a potion of heal wounds {unknown}
 n - a potion of berserk rage {unknown}
Comestibles
 b - 7 rations


   Skills:
 - Level 2.4 Fighting
 * Level 4.5 Dodging
 - Level 1.0 Stealth
 + Level 8.1 Unarmed Combat
 * Level 2.5 Invocations


You had 7 spell levels left.
You didn't know any spells.
Your spell library was empty.

Dungeon Overview and Level Annotations

Branches:
Dungeon (5/15)
 Temple: D:4-7

Altars:
Makhleb
Nemelex Xobeh
Uskayaw
Wu Jian
Xom
Yredelemnul
The Shining One

Shops:
D:4 [


Innate Abilities, Weirdness & Mutations

You are too large for most types of armour.
You have claws for hands.
Your metabolism is lightning-fast.
You like to eat raw meat.
Your natural rate of healing is unusually fast.
You are covered in fur. (AC +1)
You have extremely tough skin. (AC +3)


Message History

You can't go up here!
You can't go up here!
You can't go up here!
You can't go up here!
You can't go up here!
You can't go up here!
You can't go up here!
You can't go up here!
You can't go up here!
You can't go up here!
You can't go up here!
You can't go up here!
You can't go up here!
You can't go up here!
You can't go up here!
You can't go up here!
You can't go up here!
You can't go up here!
The orc warrior hits you with a +0 falchion!
You die...

##..#
#..#
##.##
#..#
##.#
#.##
#..##
##o..###
#
#o@....#
#
##....<#
#
##...##
#####


You could see 2 orc warriors.

Vanquished Creatures
  Menkaure (D:4)
  Edmund (D:4)
  An ogre (D:4)
  A gnoll sergeant (D:4)
  A wight (D:5)
  4 hounds
  A jelly (D:2)
  An orc priest (D:3)
  A bullfrog skeleton (D:4)
  2 orc wizards (D:3)
  Natasha (twice) (D:4)
  4 worker ants
  3 gnolls (D:4)
  8 adders
  2 oozes
  An adder skeleton (D:4)
  A worm (D:3)
  A dart slug (D:2)
  4 leopard geckos
  10 orcs
  2 ball pythons
  7 bats
  3 giant cockroaches
  9 goblins
  6 hobgoblins
  5 jackals
  2 quokkas (D:2)
  3 frilled lizards
  2 gnoll zombies (D:3)
  7 kobolds
  14 rats
110 creatures vanquished.

Notes
Turn   | Place    | Note
-------+----------+-------------------------------------------
     0 | D:1      | fornasd the Troll Monk began the quest for the Orb.
     0 | D:1      | Reached XP level 1. HP: 22/22 MP: 0/0
    89 | D:1      | Reached XP level 2. HP: 29/29 MP: 1/1
   188 | D:1      | Reached skill level 4 in Unarmed Combat
   289 | D:1      | Reached XP level 3. HP: 36/36 MP: 2/2
   568 | D:2      | Reached skill level 5 in Unarmed Combat
   568 | D:2      | Reached XP level 4. HP: 44/44 MP: 3/3
   702 | D:2      | Found a burning altar of Makhleb.
   703 | D:2      | Found a shimmering altar of Xom.
   703 | D:2      | Found a hide-covered altar of Uskayaw.
   721 | D:2      | Became a worshipper of Makhleb the Destroyer
   721 | D:2      | Reached * piety under Makhleb
   721 | D:2      | Reached ** piety under Makhleb
   861 | D:2      | Reached XP level 5. HP: 41/50 MP: 4/4
   865 | D:2      | Found a glowing golden altar of the Shining One.
  1578 | D:3      | Found an ornate altar of the Wu Jian Council.
  1657 | D:3      | Reached skill level 6 in Unarmed Combat
  1740 | D:3      | Reached XP level 6. HP: 34/59 MP: 5/5
  1854 | D:3      | Reached skill level 1 in Invocations
  1913 | D:3      | Found a burning altar of Makhleb.
  2000 | D:3      | Found a basalt altar of Yredelemnul.
  2303 | D:4      | Noticed Menkaure
  2310 | D:4      | Killed Menkaure
  2310 | D:4      | Reached skill level 7 in Unarmed Combat
  2313 | D:4      | Reached XP level 7. HP: 66/66 MP: 5/7
  2377 | D:4      | Found Jethaschata's Antique Armour Shop.
  2385 | D:4      | Bought a slimy robe for 136 gold pieces
  2395 | D:4      | Identified the +0 robe "Cis Roir" {rCorr Str-5 Dex+4} (You
                  | bought it in a shop on level 4 of the Dungeon)
  2476 | D:4      | You fall through a shaft!
  2476 | D:5      | Entered Level 5 of the Dungeon
  2492 | D:4      | Noticed Natasha
  2497 | D:4      | Killed Natasha
  2643 | D:4      | Found a sparkling altar of Nemelex Xobeh.
  2674 | D:4      | Noticed Edmund
  2691 | D:4      | Killed Edmund
  2691 | D:4      | Reached *** piety under Makhleb
  2952 | D:4      | Noticed Natasha
  2959 | D:4      | Killed Natasha
  3156 | D:5      | Reached skill level 8 in Unarmed Combat
  3177 | D:4      | Reached XP level 8. HP: 30/74 MP: 8/8
  3373 | D:4      | HP: 1/74 [orc warrior/+0 great sword (27)]
  3374 | D:4      | Mangled by an orc warrior

Skill      XL: |  1  2  3  4  5  6  7 |
---------------+----------------------+-----
Unarmed Combat | 4 5 6 7 8 |  8.1
Invocations    | 1 2 |  2.5
Dodging        | 3 4 |  4.5
Fighting       | |  2.4
Stealth        | |  1.0

Action                   |  1- 3 |  4- 6 |  7- 9 || total
-------------------------+-------+-------+-------++-------
Melee: Unarmed           |    95 |   165 |    75 ||   335
       Punch             |       |     4 |     6 ||    10
  Use: Scroll            |       |       |     3 ||     3
 Stab: Sleeping          |     1 |       |     2 ||     3
       Distracted        |       |     1 |       ||     1
  Eat: Chunk             |     4 |    16 |    10 ||    30
       Ration            |       |     1 |       ||     1
Armor: Robe              |    29 |    42 |    21 ||    92
Dodge: Dodged            |    48 |    79 |    30 ||   157
